 Dungeon Sprint DCSS version 0.29-a0-451-gfbfa42419e (webtiles) character file.

Game seed: 6465508397288522229

434 Pelinal the Martial Artist (level 7, -2/32 HPs)
             Began as a Vine Stalker Transmuter on May 20, 2022.
             Was an Initiate of Gozag.
             Slain by Sonja
             ... wielding a +1 short sword of distortion
              (16 damage)
             ... in the Dungeon (Sprint I: "Red Sonja").
             The game lasted 00:03:07 (582 turns).

Pelinal the Martial Artist (Vine Stalker Transmuter) Turns: 582, Time: 00:03:08

Health: -2/32      AC:  2    Str: 12    XL:     7   Next: 0%
Magic:  0/14       EV: 25    Int: 13    God:    Gozag
Gold:   335        SH:  0    Dex: 22    Spells: 9/15 levels left

rFire   . . .      SeeInvis .     - Unarmed
rCold   . . .      Faith    .   (shield currently unavailable)
rNeg    . . .      Spirit   +   (body armour currently unavailable)
rPois   x          Reflect  .   (helmet currently unavailable)
rElec   .          Harm     .   (cloak currently unavailable)
rCorr   .          Rampage  .   (gloves currently unavailable)
Will    .....      NoTele   +   (boots currently unavailable)
Stlth   ++........              (no amulet)
HPRegen 0.90/turn               (no ring)
MPRegen 0.14/turn               (no ring)

@: spider-form
A: venomous fangs, tiny, (fangs 2), regeneration 1, magic shield, (antimagic
bite), no potion heal 2
a: End Transformation, Renounce Religion, Potion Petition, Call Merchant, Bribe
Branch


You were in the Dungeon.
You worshipped Gozag.
Gozag was aware of your devotion.
You were a venomous arachnid creature.
You visited 1 branch You collected 335 gold pieces.

Inventory:

Hand Weapons
 h - a +2 dagger of electrocution
Armour
 a - a +0 robe (melded)
Wands
 f - a wand of iceblast (8)
Scrolls
 g - a scroll of blinking
Potions
 b - a potion of lignification
 e - 2 potions of magic


   Skills:
 - Level 0.8 Fighting
 * Level 6.6 Dodging
 * Level 8.1 Unarmed Combat
 + Level 4.5 Spellcasting
 + Level 6.5 Transmutations
 - Level 6.0 Poison Magic


You had 9 spell levels left.
You knew the following spells:

 Your Spells              Type           Power      Damage    Failure   Level
a - Beastly Appendage     Tmut           40%        N/A       6%          1
b - Wereblood             Tmut           20%        N/A       8%          2
c - Spider Form           Tmut/Pois      19%        N/A       13%         3

Your spell library contained the following spells:

 Spells                   Type           Power      Damage    Failure   Level
 Ice Form                 Ice/Tmut       11%        N/A       67%         4


Dungeon Overview and Level Annotations

Branches:
Dungeon (1/1)

Altars:
Cheibriados
Dithmenos
Elyvilon
Fedhas
Gozag
Hepliaklqana
Kikubaaqudgha
Nemelex Xobeh
Okawaru
Qazlal
Ru
Sif Muna
Trog
Uskayaw
Vehumet
Wu Jian
Yredelemnul
Zin
The Shining One

Shops:
D [

Annotations:
D Sonja


Innate Abilities, Weirdness & Mutations

You are a venomous arachnid creature.
You have poisonous fangs.
You are tiny and dextrous.
Your spellcasting is less reliable in this form.
Your armour is entirely melded.
You are incapable of wielding weapons or throwing items.
((You have extremely sharp teeth.))
Your natural rate of healing is unusually fast.
When hurt, damage is shared between your health and your magic reserves.
((Your bite disrupts and absorbs the magic of your enemies.))
Potions cannot restore your health.


Message History

Gozag welcomes you!
Gozag waives the service fee.
There is a hazy altar of Hepliaklqana here.
There is an open door, spattered with blood here.
You see here a yak corpse.
You open the door.
Found 5 gold pieces.
There is an open door here.
You now have 335 gold pieces (gained 5).
There is an open door here.
There is a radiant altar of Vehumet here.
You open the door.
Sonja, the Graceful Assassin comes into view.
She is wielding a +1 short sword of distortion and quivering curare-tipped darts.
Sonja shouts!
Sonja gestures wildly while chanting.
Sonja blinks!
Found 54 gold pieces.
Casting: Beastly Appendage (safe; 1% risk of failure)
Confirm with . or Enter, or press ? or * to list all spells.
You don't know that spell.
Unknown command.
Press < or > to pray at altars.
Casting: Beastly Appendage (safe; 1% risk of failure)
Confirm with . or Enter, or press ? or * to list all spells.
You turn into a venomous arachnid creature.
Your +0 robe melds into your body.
Sonja barely misses you. x2
Sonja hits you with a +1 short sword of distortion.
Space warps horribly around you!
Unknown command.
Press < or > to pray at altars.
Unknown command.
Press < or > to pray at altars.
Unknown command.
Press < or > to pray at altars.
You miss Sonja.
Sonja hits you with a +1 short sword of distortion.
Space warps horribly around you!!
Ouch! That really hurt!
You die...
Your body crumbles into a pile of gold.

################
#<.#..'..#..'..#
$$
#..[..#..').#..+
$$
#.)#####'#####'#
#..####..#...#.#
#..#__####..##.#
$$
#..#_____##'#_.+
#⌠⌠#_.∩...†..._#
$$
####_..__##sK#'#
$$#_____###'#.#
$ $ ####### .###
$ $.$ $$ $$ $§$#
$ .## $ +#$ $ $
$ $ $ $ $


You could see Sonja.

Vanquished Creatures
  Sigmund (D)
  A yak (D)
  An ogre (D)
  A jelly (D)
  Ijyb (D)
5 creatures vanquished.

Notes
Turn   | Place    | Note
-------+----------+-------------------------------------------
     0 | D        | Pelinal the Vine Stalker Transmuter began the quest for the
                  | Orb.
     0 | D        | Reached XP level 1. HP: 9/9 MP: 4/4
     4 | D        | Noticed Ijyb
    15 | D        | Killed Ijyb
    16 | D        | Reached skill level 4 in Unarmed Combat
    16 | D        | Reached XP level 2. HP: 5/14 MP: 0/6
   263 | D        | Learned a level 2 spell: Wereblood
   267 | D        | Noticed an ogre
   276 | D        | Killed an ogre
   277 | D        | Reached skill level 5 in Unarmed Combat
   277 | D        | Reached XP level 3. HP: 17/17 MP: 7/7
   277 | D        | Gained mutation: Your natural rate of healing is unusually
                  | fast. [Vine Stalker growth]
   277 | D        | Reached XP level 4. HP: 21/21 MP: 8/8
   288 | D        | Learned a level 3 spell: Spider Form
   289 | D        | Noticed Sigmund
   300 | D        | Killed Sigmund
   301 | D        | Reached skill level 5 in Dodging
   301 | D        | Reached skill level 6 in Unarmed Combat
   301 | D        | Reached skill level 5 in Poison Magic
   301 | D        | Reached XP level 5. HP: 25/25 MP: 5/11
   301 | D        | Reached XP level 6. HP: 29/29 MP: 5/12
   479 | D        | Found a shimmering blue altar of Sif Muna.
   480 | D        | Found an ornate altar of the Wu Jian Council.
   481 | D        | Found a radiant altar of Vehumet.
   487 | D        | Reached skill level 7 in Unarmed Combat
   519 | D        | Found Piptigi's Armour Emporium.
   519 | D        | Found an ancient bone altar of Kikubaaqudgha.
   519 | D        | Found a hazy altar of Hepliaklqana.
   519 | D        | Found a stormy altar of Qazlal.
   519 | D        | Found a hide-covered altar of Uskayaw.
   519 | D        | Found a blossoming altar of Fedhas.
   519 | D        | Found a bloodstained altar of Trog.
   519 | D        | Found an iron altar of Okawaru.
   519 | D        | Found a basalt altar of Yredelemnul.
   519 | D        | Found a glowing golden altar of the Shining One.
   519 | D        | Found a snail-covered altar of Cheibriados.
   519 | D        | Found a sacrificial altar of Ru.
   519 | D        | Found a glowing silver altar of Zin.
   519 | D        | Found a shadowy altar of Dithmenos.
   519 | D        | Found a white marble altar of Elyvilon.
   519 | D        | Noticed a yak
   527 | D        | Killed a yak
   528 | D        | Reached skill level 8 in Unarmed Combat
   528 | D        | Reached XP level 7. HP: 32/32 MP: 9/14
   528 | D        | Found an opulent altar of Gozag.
   529 | D        | Found a sparkling altar of Nemelex Xobeh.
   565 | D        | Became a worshipper of Gozag Ym Sagoz the Greedy
   580 | D        | Noticed Sonja
   582 | D        | Slain by Sonja

Illustrated notes

Levels and vault maps discovered:
D:        dungeon_sprint_1 [red_sonja_temple_1, red_sonja_temple_small_1]

Skill      XL: |  1  2  3  4  5  6 |
---------------+-------------------+-----
Dodging        | 2 4 5 6 |  6.6
Unarmed Combat | 4 5 6 8 |  8.1
Transmutations | 3 4 6 |  6.5
Poison Magic   | 2 4 5 6 |  6.0
Spellcasting   | 3 4 |  4.5
Fighting       | |  0.8

Action                   |  1- 3 |  4- 6 |  7- 9 || total
-------------------------+-------+-------+-------++-------
Melee: Unarmed           |     9 |    16 |     1 ||    26
       Bite              |     3 |     2 |       ||     5
       Headbutt          |     2 |       |       ||     2
       Kick              |     1 |       |       ||     1
 Cast: Beastly Appendage |     1 |       |     1 ||     2
       Spider Form       |       |     3 |     1 ||     4
Evoke: Wand              |     3 |       |       ||     3
  Use: Potion            |     2 |     1 |       ||     3
Armor: Robe              |       |     1 |       ||     1
Dodge: Dodged            |     2 |    12 |     2 ||    16

Table legend: (Time is in decaauts)
 A = Elapsed time spent in this place.
 B = Non-inter-level travel time spent in this place.
 C = Inter-level travel time spent in this place.
 D = Time resting spent in this place.
 E = Time spent auto-exploring this place.
 F = Levels seen in this place.
 G = Mean time per level.
                   A        B        C        D        E       F      G
               +--------+--------+--------+--------+--------+-----+--------+
         Total |    569 |    569 |      0 |    423 |      0 |   1 |  569.0 |
       Dungeon |    569 |    569 |      0 |    423 |      0 |   1 |  569.0 |
               +--------+--------+--------+--------+--------+-----+--------+

Top non-repeatable levels by time:
       D: 569 daAuts
